 Dungeon Crawl Stone Soup version 0.17-a0-1093-g0b3cd89 (webtiles) character file.

205 Fluffy the Skirmisher (level 5, 0/48 HPs)
             Began as a Hill Orc Fighter on May 20, 2015.
             Slain by an ogre
             ... wielding a +0 giant spiked club
              (11 damage)
             ... on level 4 of the Dungeon.
             The game lasted 00:03:51 (1994 turns).

Fluffy the Skirmisher (Hill Orc Fighter)            Turns: 1994, Time: 00:03:52

Health: 0/48       AC: 12    Str: 19    XL:     5   Next: 83%
Magic:  5/5        EV:  5    Int:  8    God:
Gold:   192        SH:  9    Dex: 11    Spells: 0 memorised, 4 levels left

rFire  . . .     SeeInvis .     a - +0 war axe
rCold  . . .     Clarity  .     o - +0 chain mail
rNeg   . . .     SustAb   .     c - +0 shield
rPois  .         Gourm    .     (no helmet)
rElec  .         Spirit   .     s - +0 cloak
rCorr  .         Warding  .     u - +0 pair of gloves
rMut   .         Stasis   +     (no boots)
MR     .....                    q - amulet of stasis
Stlth  ..........               (no ring)
                                (no ring)

@: lethally poisoned (0 -> -6), not resistant to hostile enchantments, extremely
unstealthy
A: no striking features
a: no special abilities


You were on level 4 of the Dungeon.
You were not hungry.

You visited 1 branch of the dungeon, and saw 4 of its levels.

You collected 192 gold pieces.

Inventory:

Hand weapons
 a - a +0 war axe (weapon)
Armour
 c - a +0 shield (worn)
 o - a +0 chain mail (worn)
 s - a +0 cloak (worn)
 u - a +0 pair of gloves (worn)
Jewellery
 q - an amulet of stasis (around neck)
Magical devices
 p - a wand of slowing (18)
Scrolls
 g - 2 scrolls of identify {unknown}
 h - a scroll of magic mapping {unknown}
 i - a scroll of fear {unknown}
 j - 2 scrolls of remove curse {unknown}
 n - 2 scrolls of teleportation {unknown}
 r - a scroll of enchant armour {unknown}
Potions
 d - 2 potions of might
 k - a potion of curing
 l - 2 potions of agility {unknown}
 m - a potion of brilliance {unknown}
Comestibles
 b - 2 meat rations
 e - 2 bread rations
 f - 2 slices of pizza


   Skills:
 + Level 5.3 Fighting
 + Level 4.9 Axes
 + Level 4.7 Armour
 - Level 3.2 Shields


You had 4 spell levels left.
You didn't know any spells.

Dungeon Overview and Level Annotations

Branches:
Dungeon (4/15)
 Temple: D:4-7

Altars:


Message History

The worker ant is moderately wounded.
The worker ant bites you but does no damage.
The ogre hits you with a giant spiked club!!
* * * LOW HITPOINT WARNING * * *
The worker ant bites you.
* * * LOW HITPOINT WARNING * * *
You are poisoned.
The worker ant poisons you!
Drink which item? (? for menu, Esc to quit)
It was a potion of curing.
You feel better. The worker ant bites you.
* * * LOW HITPOINT WARNING * * *
You are poisoned.
The worker ant poisons you!
You barely miss the ogre.
The ogre is severely wounded.
You hit the worker ant.
The worker ant is heavily wounded.
You feel sick.
The ogre hits you with a giant spiked club!
You die...

#. #.# #.#
####.##
#.....#
#.....#
#.....#
####....<##
......O@..#
###....a..#
##.....##
#.....#
#.....#
#.....#
#######


You could see an ogre and a worker ant.

Vanquished Creatures
  A phantom (D:3)
  Ijyb (D:2)
  An adder (D:3)
  An ooze (D:3)
  2 worms
  3 giant geckos
  6 orcs (D:3)
  2 giant cockroaches
  4 goblins
  7 hobgoblins
  8 jackals
  10 bats
  A giant cockroach zombie (D:3)
  6 giant newts
  4 kobolds
  4 rats
61 creatures vanquished.

Notes
Turn   | Place    | Note
--------------------------------------------------------------
     0 | D:1      | Fluffy the Hill Orc Fighter began the quest for the Orb.
     0 | D:1      | Reached XP level 1. HP: 19/19 MP: 1/1
     4 | D:1      | You fall through a shaft!
   191 | D:1      | Reached XP level 2. HP: 21/27 MP: 2/2
   824 | D:2      | Reached skill level 4 in Fighting
  1031 | D:2      | Reached XP level 3. HP: 33/33 MP: 3/3
  1053 | D:2      | Noticed Ijyb
  1065 | D:2      | Killed Ijyb
  1085 | D:2      | Reached XP level 4. HP: 36/41 MP: 4/4
  1699 | D:3      | Noticed a phantom
  1732 | D:3      | Killed a phantom
  1732 | D:3      | Reached skill level 5 in Fighting
  1732 | D:3      | Reached XP level 5. HP: 38/48 MP: 5/5
  1986 | D:4      | Noticed an ogre
  1994 | D:4      | Slain by an ogre

Vault maps used:
D:1:      dpeg_arrival_pond, moated_statue, minmay_misc_feat_pillars,
          grunt_decor_fettered
D:2:      uniq_iyjb
D:3:      serial_glass, glass_columns_b, glass_columns_c, glass_columns_b,
          glass_columns_a, glass_columns_a, glass_columns_c
D:4:      old_forge, grunt_temple_overflow_open

Action                   |  1- 3 |  4- 6 || total
-------------------------+-------+-------++-------
Melee: War axe           |    85 |   143 ||   228
  Use: Potion            |       |     1 ||     1
  Eat: Chunk             |     1 |     3 ||     4
